 Dungeon Crawl Stone Soup version 0.28.0-53-g5a82cb258f (webtiles) character file.

Game seed: 3130700254672213040

37142 sanboga the Severer (level 13, 0/187 HPs)
             Began as a Minotaur Berserker on July 16, 2022.
             Was a High Priest of Trog.
             Shot with a bolt by a yaktaur (20 damage)
             ... on level 14 of the Dungeon.
             The game lasted 00:26:17 (15403 turns).

sanboga the Severer (Minotaur Berserker)           Turns: 15403, Time: 00:26:17

Health: 0/187      AC: 26    Str: 37    XL:     13   Next: 56%
Magic:  12/12      EV: 10    Int:  4    God:    Trog [*****.]
Gold:   27         SH:  0    Dex: 11    Spells: 12/12 levels left

rFire   . . .      SeeInvis .   L - +0 battleaxe
rCold   . . .      Faith    .   (shield currently unavailable)
rNeg    + + +      Spirit   .   v - +0 plate armour
rPois   .          Reflect  .   G - +1 hat
rElec   .          Harm     .   j - +2 cloak of True Grit {Drain rN+++ rCorr Str+5}
rCorr   +          Rampage  .   c - +0 pair of gloves
Will    .....                   q - +1 pair of boots
Stlth   ..........              E - amulet of regeneration
HPRegen 1.21/turn               B - +4 ring of slaying
MPRegen 0.13/turn               e - +6 ring of strength

@: berserking, studying Armour, very quick
A: horns 2, retaliatory headbutt
a: Renounce Religion, Berserk, Trog's Hand, Brothers in Arms


You were on level 14 of the Dungeon.
You worshipped Trog.
Trog was extremely pleased with you.
You visited 1 branch of the dungeon, and saw 14 of its levels.
You also visited: Sewer and Bailey.

You collected 1835 gold pieces.
You spent 1808 gold pieces at shops.

Inventory:

Hand Weapons
 a - a +0 hand axe of venom
 L - a +0 battleaxe (weapon)
Armour
 c - a +0 pair of gloves (worn)
 j - the +2 cloak of True Grit (worn) {Drain rN+++ rCorr Str+5}
   (You found it on level 3 of the Dungeon)

   Str:       It affects your strength (+5).
   rN:        It renders you almost immune to negative energy.
   rCorr:     It protects you from acid and corrosion.
   Drain:     It drains your maximum health when unequipped.
 q - a +1 pair of boots (worn)
 v - a +0 plate armour (worn)
 G - a +1 hat (worn)
Jewellery
 e - a +6 ring of strength (right hand)
 f - a ring of protection from fire
 k - a ring of protection from cold
 m - a ring of see invisible
 B - a +4 ring of slaying (left hand)
 E - an amulet of regeneration (around neck)
Wands
 g - a wand of flame (20)
 i - a wand of iceblast (4)
 l - a wand of polymorph (6)
 z - a wand of mindburst (5)
Scrolls
 n - 7 scrolls of teleportation
 o - 3 scrolls of holy word
 s - a scroll of fog
 u - 2 scrolls of magic mapping
 y - a scroll of summoning
 A - 2 scrolls of enchant weapon
 D - 3 scrolls of enchant armour
 H - a scroll of fear
 J - 5 scrolls of blinking
Potions
 b - 3 potions of curing
 d - 4 potions of mutation
 h - 3 potions of might
 p - 2 potions of lignification {unknown}
 r - 2 potions of invisibility
 t - a potion of haste
 w - 2 potions of heal wounds
 C - a potion of cancellation
 F - a potion of flight {unknown}
 I - a potion of ambrosia {unknown}
 K - a potion of resistance


   Skills:
 + Level 14.5 Fighting
 * Level 19.7 Axes
 + Level 16.5 Armour
 - Level 2.1 Dodging


You had 12 spell levels left.
You didn't know any spells.
Your spell library was empty.

Dungeon Overview and Level Annotations

Branches:
Dungeon (14/15)            Temple (0/1) D:7            Lair (0/6) D:9
    Orc (0/2) D:12          Sewer (visited)          Bailey (visited)
 Vaults: D:13-14

Altars:
Cheibriados
Elyvilon
Fedhas
Gozag
Kikubaaqudgha
Nemelex Xobeh
Qazlal
Vehumet
Xom
Zin
The Shining One

Shops:
D:3 =   D:11 ?(?*   D:14 ?[

Annotations:
D:3 1 runed translucent door


Innate Abilities, Weirdness & Mutations

You have a pair of horns on your head.
You reflexively headbutt those who attack you in melee.


Message History

The nine-headed hydra bites you but does no damage. x4
The nine-headed hydra closely misses you.
The nine-headed hydra bites you!
The nine-headed hydra barely misses you.
The nine-headed hydra bites you!
The nine-headed hydra bites you but does no damage.
A red film seems to cover your vision as you go berserk!
You feel yourself moving faster!
You feel mighty! The nine-headed hydra bites you.
The nine-headed hydra bites you but does no damage.
The nine-headed hydra bites you!
The nine-headed hydra bites you but does no damage. x3
The nine-headed hydra bites you. The nine-headed hydra bites you!
The nine-headed hydra bites you.
A skeletal warrior comes into view.
It is wielding the +7 flail of Enwooxt {vorpal, rC+ Str+3}.
You chop one of the nine-headed hydra's heads off!
The eight-headed hydra grows two more!
You slice the ten-headed hydra!!
The ten-headed hydra is severely wounded.
You slash the skeletal warrior!
The ten-headed hydra closely misses you. x2
The ten-headed hydra bites you but does no damage. x2
The ten-headed hydra bites you!
* * * LOW HITPOINT WARNING * * *
The ten-headed hydra bites you.
* * * LOW HITPOINT WARNING * * *
The ten-headed hydra bites you but does no damage. x2
The ten-headed hydra bites you!
* * * LOW HITPOINT WARNING * * *
The ten-headed hydra bites you.
* * * LOW HITPOINT WARNING * * *
You slice one of the ten-headed hydra's heads off!
The nine-headed hydra grows two more!
You slice the 11-headed hydra!! You headbutt the 11-headed hydra!
You kill the 11-headed hydra!
Trog accepts your kill.
You slash the skeletal warrior!
The skeletal warrior hits you with the +7 flail of Enwooxt {vorpal, rC+ Str+3}!
* * * LOW HITPOINT WARNING * * *
x2 The yaktaur shoots a bolt.
The bolt hits you!!
You die...

....# #.......# #.#
....# #.......# #.#
....#
######'#####.#########
##### #.#
#..........<#
#####.###.###########
#.+..∩..'.#
#.###[##### #.###.#
#...#@## ##)#z).#
#.#.#.### #.#.#...#
#.#.#z≈≈#####
#^#..≈≈≈#.(.#
#.#.≈≈≈≈c...+
#.#.≈≈≈≈....#
#.#.≈≈≈≈#####


You could see 2 skeletal warriors and a yaktaur.

Vanquished Creatures
  Jorgrun (D:11)
  Gastronok (D:12)
  Frances (D:13)
  4 hydras
  4 boulder beetles
  2 centaur warriors
  7 two-headed ogres
  The ghost of DocClef the Blocker, a novice GnFi (D:9)
  5 skeletal warriors (D:14)
  The ghost of Ghugh the Ducker, a novice TrFi of Dithmenos (D:5)
  An orc knight (Bailey)
  Pikel (D:5)
  A deep elf pyromancer (D:12)
  An orc sorcerer (D:14)
  2 ugly things
  The ghost of DocClef the Firebug, a novice GnFE of Hepliaklqana (D:6)
  2 manticores
  4 cyclopes
  4 molten gargoyles (D:13)
  Psyche (D:11)
  4 kobold demonologists
  A yaktaur (D:14)
  An efreet (D:14)
  A troll (D:9)
  9 meliai
  A hornet (D:10)
  5 slime creatures
  3 water elementals (D:14)
  A vampire (D:8)
  A shadow (D:13)
  3 wraiths
  6 yaks (D:8)
  A steam dragon (D:7)
  4 vampire mosquitoes (D:10)
  Edmund (D:5)
  A warg (D:12)
  6 water moccasins (D:9)
  A necrophage (D:4)
  7 orc warriors
  A sky beast (D:6)
  An ogre (D:6)
  12 centaurs
  The ghost of turdburglar the Sneak, an amateur GnEn (D:3)
  A lemure (D:5)
  A phantom (D:6)
  15 kobold brigands
  3 scorpions
  4 bullfrogs
  A gnoll sergeant (D:6)
  A wyvern skeleton (D:7)
  6 killer bees
  11 wights
  3 electric eels (D:14)
  3 howler monkeys
  3 centaur zombies
  3 quasits (D:6)
  5 orc priests
  3 hounds (D:5)
  A jelly (D:6)
  A bullfrog skeleton (D:5)
  2 centaur skeletons
  4 orc wizards
  4 iguanas
  A killer bee zombie (D:7)
  A hound skeleton (D:4)
  2 howler monkey zombies
  12 gnolls
  10 adders
  9 river rats
  A white imp (D:7)
  An ufetubus (D:4)
  3 worms
  7 dart slugs
  28 orcs
  11 endoplasms
  5 giant cockroaches
  5 goblins
  3 hobgoblins
  2 jackals (D:2)
  5 quokkas
  11 ball pythons
  6 bats
  3 frilled lizards
  2 goblin zombies (D:6)
  57 kobolds
  27 rats
404 creatures vanquished.

Vanquished Creatures (others)
  A fire vortex (D:13)
  39 fungi (D:9)
  44 plants
84 creatures vanquished.

Grand Total: 488 creatures vanquished

Notes
Turn   | Place    | Note
-------+----------+-------------------------------------------
     0 | D:1      | sanboga the Minotaur Berserker began the quest for the Orb.
     0 | D:1      | Reached XP level 1. HP: 19/19 MP: 0/0
   151 | D:1      | Found a faded altar of an unknown god.
   268 | D:1      | Reached skill level 4 in Axes
   297 | D:1      | Reached XP level 2. HP: 27/27 MP: 1/1
   851 | D:2      | Reached XP level 3. HP: 32/33 MP: 2/2
  1028 | D:2      | Reached ** piety under Trog
  1655 | D:3      | Found a stormy altar of Qazlal.
  1657 | D:3      | Noticed a water elemental
  1658 | D:3      | Noticed a fire elemental
  1658 | D:3      | Noticed an earth elemental
  1658 | D:3      | Noticed an air elemental
  1699 | D:3      | Identified the +7 falchion "Paipp" {venom, rF+ Will- Str+4}
  1919 | D:3      | Found Kujok's Jewellery Shoppe.
  1921 | D:3      | Identified the +2 cloak of True Grit {Drain rN+++ rCorr
                  | Str+5}
  1945 | D:3      | Reached skill level 5 in Axes
  1945 | D:3      | Reached XP level 4. HP: 40/40 MP: 3/3
  2177 | D:3      | Found a runed translucent door.
  2185 | D:3      | Noticed turdburglar's ghost (amateur GnEn)
  2210 | D:3      | Found a runed translucent door.
  2619 | D:3      | Killed turdburglar's ghost
  2620 | D:3      | Reached skill level 6 in Axes
  2620 | D:3      | Reached XP level 5. HP: 47/47 MP: 4/4
  2652 | D:4      | Reached skill level 5 in Fighting
  2698 | D:4      | Noticed a necrophage
  2707 | D:4      | Killed a necrophage
  2708 | D:4      | Reached XP level 6. HP: 56/56 MP: 5/5
  3069 | D:4      | Found an opulent altar of Gozag.
  3074 | D:4      | Found a glowing silver altar of Zin.
  3075 | D:4      | Found a sparkling altar of Nemelex Xobeh.
  3075 | D:4      | Found an ancient bone altar of Kikubaaqudgha.
  3258 | D:4      | Found a glowing golden altar of the Shining One.
  3259 | D:4      | Found a blossoming altar of Fedhas.
  3260 | D:4      | Found a radiant altar of Vehumet.
  3261 | D:4      | Found a shimmering altar of Xom.
  3621 | D:5      | Entered Level 5 of the Dungeon
  3675 | D:5      | Reached skill level 7 in Axes
  3695 | D:5      | Noticed Pikel
  3712 | D:5      | Killed Pikel
  3713 | D:5      | Reached skill level 8 in Axes
  3713 | D:5      | Reached skill level 5 in Armour
  3713 | D:5      | Reached XP level 7. HP: 64/64 MP: 6/6
  3842 | D:5      | Found a snail-covered altar of Cheibriados.
  3925 | D:5      | Noticed Edmund
  3936 | D:5      | Killed Edmund
  3937 | D:5      | Reached XP level 8. HP: 71/71 MP: 7/7
  3983 | D:5      | Reached skill level 9 in Axes
  4344 | D:5      | Found a runed translucent door.
  4433 | D:5      | Noticed Ghugh's ghost (novice TrFi)
  4449 | D:5      | Killed Ghugh's ghost
  4450 | D:5      | Reached skill level 10 in Axes
  4583 | D:6      | Found a transporter.
  4641 | D:6      | Found a glowing drain.
  4653 | Sewer    | Entered a sewer
  4686 | Sewer    | Reached *** piety under Trog
  4705 | Sewer    | Reached XP level 9. HP: 81/81 MP: 8/8
  4934 | Sewer    | Reached **** piety under Trog
  5159 | D:6      | Reached skill level 11 in Axes
  5176 | D:6      | Found a transporter.
  5539 | D:6      | Noticed DocClef's ghost (novice GnFE)
  6527 | D:6      | Killed DocClef's ghost
  6612 | D:7      | Reached skill level 12 in Axes
  6782 | D:7      | Found a staircase to the Ecumenical Temple.
  7242 | D:7      | Found a white marble altar of Elyvilon.
  7434 | D:8      | Reached XP level 10. HP: 91/91 MP: 9/9
  7859 | D:8      | Reached skill level 13 in Axes
  8413 | D:9      | Noticed Maurice
  8415 | D:9      | Noticed Maurice
  8415 | D:9      | Maurice changed into Maurice the centaur
  8455 | D:9      | Found a flagged portal.
  8460 | D:9      | Reached skill level 10 in Fighting
  8460 | D:9      | Killed Maurice the centaur
  8491 | Bailey   | Entered a bailey
  8558 | Bailey   | Noticed an orc knight
  8576 | Bailey   | Killed an orc knight
  8577 | Bailey   | Reached skill level 14 in Axes
  8577 | Bailey   | Reached skill level 10 in Armour
  8730 | Bailey   | Reached ***** piety under Trog
  8840 | Bailey   | Found a bloodstained altar of Trog.
  9037 | D:3      | Bought a +4 ring of slaying for 1092 gold pieces
  9381 | D:9      | Found a runed translucent gate.
  9488 | D:9      | Found a runed translucent gate.
  9488 | D:9      | Found a runed translucent gate.
  9489 | D:9      | Found an opulent altar of Gozag.
  9490 | D:9      | Noticed DocClef's ghost (novice GnFi)
  9491 | D:9      | Noticed a cyclops
  9620 | D:9      | Found a staircase to the Lair.
  9672 | D:9      | Reached XP level 11. HP: 86/101 MP: 10/10
 10256 | D:9      | Reached skill level 15 in Axes
 10259 | D:9      | Killed DocClef's ghost
 10386 | D:10     | Entered Level 10 of the Dungeon
 10595 | D:10     | Noticed a two-headed ogre
 10617 | D:10     | Killed a two-headed ogre
 10931 | D:10     | Noticed a two-headed ogre
 10957 | D:10     | Killed a two-headed ogre
 11433 | D:10     | Noticed a two-headed ogre
 11439 | D:10     | Killed a two-headed ogre
 11766 | D:10     | Identified a scroll of acquirement
 11766 | D:10     | Acquired a manual of Armour
 11775 | D:11     | Noticed Psyche
 11781 | D:11     | Killed Psyche
 11782 | D:11     | Reached skill level 16 in Axes
 11785 | D:11     | Noticed a two-headed ogre
 11790 | D:11     | Killed a two-headed ogre
 11874 | D:11     | Found Moromm's General Store.
 11874 | D:11     | Noticed a two-headed ogre
 11888 | D:11     | Killed a two-headed ogre
 11899 | D:11     | Bought a scroll of enchant armour for 127 gold pieces
 12006 | D:11     | Noticed a seven-headed hydra
 12018 | D:11     | Killed a 14-headed hydra
 12026 | D:11     | Found Riupn's Magic Scroll Emporium.
 12028 | D:11     | Found Bywnideg's Weapon Shop.
 12044 | D:11     | Bought a scroll of summoning for 142 gold pieces
 12044 | D:11     | Bought a scroll of enchant weapon for 112 gold pieces
 12160 | D:11     | Noticed a two-headed ogre
 12167 | D:11     | Killed a two-headed ogre
 12168 | D:11     | Reached XP level 12. HP: 112/112 MP: 11/11
 12235 | D:11     | Found Iclousch's Magic Scroll Emporium.
 12243 | D:11     | Bought a scroll of immolation for 35 gold pieces
 12243 | D:11     | Bought a scroll of enchant weapon for 75 gold pieces
 12520 | D:12     | Noticed Gastronok
 12528 | D:12     | Killed Gastronok
 12557 | D:12     | Reached skill level 17 in Axes
 12729 | D:12     | Noticed a boulder beetle
 12745 | D:12     | Killed a boulder beetle
 12872 | D:12     | Found a glowing golden altar of the Shining One.
 12933 | D:12     | Noticed a five-headed hydra
 12939 | D:12     | Noticed Jorgrun
 13001 | D:11     | Killed a ten-headed hydra
 13070 | D:11     | Killed Jorgrun
 13186 | D:12     | Found a staircase to the Orcish Mines.
 13407 | D:13     | Noticed a centaur warrior
 13413 | D:13     | Killed a centaur warrior
 13414 | D:13     | Reached skill level 18 in Axes
 13671 | D:13     | Noticed a boulder beetle
 13679 | D:13     | Killed a boulder beetle
 13793 | D:13     | Identified the +3 leather armour of the Nightingale {Str+4}
 13870 | D:13     | Reached skill level 15 in Armour
 13971 | D:13     | Noticed Frances
 13978 | D:13     | Killed Frances
 13979 | D:13     | Reached XP level 13. HP: 123/123 MP: 12/12
 14494 | D:14     | Found Zuoklinere's Antique Armour Boutique.
 14756 | D:11     | Bought 3 scrolls of blinking for 225 gold pieces
 14894 | D:14     | Found Kusuluoria's Magic Scroll Shop.
 14940 | D:14     | Identified the +3 lajatang of Nugaocro {drain, rF+ rC+ rN+
                  | Int+3}
 14962 | D:14     | Reached skill level 19 in Axes
 15050 | D:14     | HP: 6/124 [drowned by a water elemental (5)]
 15391 | D:14     | Noticed a minotaur
 15401 | D:14     | Identified the +7 flail of Enwooxt {vorpal, rC+ Str+3}
 15403 | D:14     | Shot with a bolt by a yaktaur

Illustrated notes

Levels and vault maps discovered:
D:1:      giann_wishing_wells, layout_loops_ring, shapermc_ecumenical_altar_venn
D:2:      layout_loops_ring
D:3:      layout_loops_ring, nicolae_qazlal_style_of_elements,
          ebering_ghost_sewer_f, serial_shops, shop
D:4:      layout_basic, minitemple, chequers_serial_rivers_micro_d,
          chequers_serial_rivers_small_b, chequers_big_river
D:5:      layout_rooms, lemuel_tele_altar, ebering_ghost_reflecting_pool,
          uniq_edmund, uniq_pikel
D:6:      layout_basic, enter_ossuary_4, gup_sewer_entry_bubbles, serial_rivers,
          chequers_serial_rivers_large_a, chequers_serial_rivers_micro_a,
          chequers_serial_rivers_micro_c, chequers_serial_rivers_marsh,
          gammafunk_ghost_stat_death
D:7:      layout_loops_ring, nicolae_elyvilon_peaceful_grove,
          minmay_temple_entry_waves
D:8:      layout_cave_pools
D:9:      layout_grid_maze, due_lair_maze_entry_diamond, ebering_ghost_gozag,
          enter_bailey_7, uniq_maurice
D:10:     layout_irregular_city, roderic_serpentine_path, lemuel_flamethrower_2
D:11:     layout_long_grid, serial_glass, glass_columns_a, glass_columns_a,
          glass_columns_b, glass_columns_a, serial_shops,
          nicolae_lakefront_shop, shop_statue, shop, shop, uniq_psyche
D:12:     layout_roguey, david_orc_1_choice, tso_oasis_becter, uniq_gastronok,
          uniq_jorgrun
D:13:     layout_basic, minivault_8, uniq_frances
D:14:     layout_basic, grunt_vaults_entry_fortified, serial_shops,
          nicolae_shop_competitors_out_of_business, nicolae_stop_n_shop_2,
          nicolae_shop_hallway_plus, uniq_agnes

Skill      XL: |  1  2  3  4  5  6  7  8  9 10 11 12 13 |
---------------+----------------------------------------+-----
Axes           | 4 5 6 8 10 12 14 16 18 19 | 19.7
Fighting       | 4 5 6 7 9 10 12 13 14 | 14.5
Armour         | 3 4 5 6 7 9 10 12 15 16 | 16.5
Dodging        | |  2.1

Action                   |  1- 3 |  4- 6 |  7- 9 | 10-12 | 13-15 || total
-------------------------+-------+-------+-------+-------+-------++-------
Melee: Hand axe          |    68 |    81 |   294 |   437 |       ||   880
       Headbutt          |    13 |     9 |    52 |   118 |    27 ||   219
       Falchion          |     8 |       |       |       |       ||     8
       Punch             |     1 |       |     4 |     6 |       ||    11
       Battleaxe         |       |       |       |     6 |    97 ||   103
Invok: Berserk           |       |     2 |     5 |    14 |     4 ||    25
Evoke: Wand              |       |       |     1 |     4 |       ||     5
  Use: Scroll            |     4 |       |     9 |    10 |     5 ||    28
       Potion            |       |       |     1 |     1 |     3 ||     5
 Stab: Sleeping          |     1 |       |       |       |       ||     1
Armor: Animal skin       |     7 |       |       |       |       ||     7
       Scale mail        |    23 |    41 |   150 |       |       ||   214
       Plate armour      |       |       |    17 |   279 |    80 ||   376
Dodge: Dodged            |    50 |    45 |   138 |   177 |    43 ||   453
